 Dungeon Crawl Stone Soup version 0.22-a0-346-ga714374 (webtiles) character file.

1446 Amnesiac the Thrower (level 9, 0/54 HPs)
             Began as a Halfling Assassin on Apr 6, 2018.
             Was a Believer of Okawaru.
             Slain by a black bear (7 damage)
             ... on level 5 of the Dungeon.
             The game lasted 00:14:07 (6632 turns).

Amnesiac the Thrower (Halfling Assassin)            Turns: 6632, Time: 00:14:08

Health: 0/54       AC:  6    Str: 15    XL:     9   Next: 4%
Magic:  9/9        EV: 11    Int:  9    God:    Okawaru [**....]
Gold:   293        SH:  7    Dex: 16    Spells: 6/8 levels left

rFire    . . .     SeeInvis .   b - +0 blowgun
rCold    . . .     Gourm    .   x - +0 shield
rNeg     . . .     Faith    .   z - +1 animal skin
rPois    +         Spirit   .   y - +1 helmet
rElec    .         Reflect  .   d - +0 cloak
rCorr    .         Harm     .   (no gloves)
MR       .....                  (no boots)
Stlth    +++.......             s - amulet of magic regeneration
HPRegen  0.18/turn              A - ring of flight
MPRegen  0.36/turn              q - ring of poison resistance

@: invisible
A: small, mutation resistance 1
a: Heroism, Renounce Religion, Evoke Flight


You were on level 5 of the Dungeon.
You worshipped Okawaru.
Okawaru was pleased with you.
You were near starving.

You visited 2 branches of the dungeon, and saw 7 of its levels.

You collected 293 gold pieces.

Inventory:

Hand Weapons
 a - a +1 dagger of protection
 b - a +0 blowgun (weapon)
 v - the +1 short sword of Vomaril {speed, +Inv rElec MR-}
   (You found it on level 5 of the Dungeon)

   Attacks with this weapon are significantly faster.
   It insulates you from electricity.
   It affects your resistance to hostile enchantments.
   It lets you turn invisible.
 w - a +0 hunting sling
Missiles
 e - 46 poisoned needles (quivered)
 f - 2 curare-tipped needles
 k - 10 tomahawks
 l - 112 stones
 p - 71 sling bullets
Armour
 d - a +0 cloak (worn)
 x - a +0 shield (worn)
 y - a +1 helmet (worn)
 z - a +1 animal skin (worn)
Jewellery
 q - a ring of poison resistance (right hand)
 s - an amulet of magic regeneration (around neck)
 u - an uncursed ring of ice
 A - a ring of flight (left hand)
Wands
 B - a wand of polymorph (13)
Scrolls
 i - a scroll of teleportation {!r}
 m - a scroll of remove curse {!r}
Potions
 c - a potion of cancellation {!q, unknown}
 h - a potion of haste {!q}
 j - a potion of flight {!q}
 n - 2 potions of curing {!q, unknown}
 o - a potion of lignification {!q}
 r - 2 potions of resistance {!q}
 C - a potion of agility {!q}
Comestibles
 g - 12 rations


   Skills:
 - Level 1.7 Fighting
 + Level 6.8 Short Blades
 - Level 8.2 Throwing
 - Level 1.1 Dodging
 + Level 6.7 Stealth


You had 6 spell levels left.
You knew the following spells:

 Your Spells              Type           Power        Failure   Level  Hunger
v - Blink                 Tloc           N/A          99%         2    ###....


Dungeon Overview and Level Annotations

Branches:
Dungeon (6/15)             Temple (1/1) D:5

Altars:
Cheibriados
Kikubaaqudgha
Makhleb
Nemelex Xobeh
Okawaru
Uskayaw


Innate Abilities, Weirdness & Mutations

You are small and have problems with some larger weapons.
You are somewhat resistant to further mutation.


Message History

Press: ? - help, Shift-Dir - straight line, f - black bear
Aim: a black bear (hasn't noticed you)
You shoot a poisoned needle.
The poisoned needle hits the black bear.
The black bear is poisoned.
The black bear growls angrily.
Firing (i - inventory. (/) - cycle)
e - 50 poisoned needles (quivered)
Press: ? - help, Shift-Dir - straight line, f/p - black bear
Aim: a black bear (poisoned)
You shoot a poisoned needle.
The poisoned needle barely misses the black bear.
Firing (i - inventory. (/) - cycle)
e - 49 poisoned needles (quivered)
Press: ? - help, Shift-Dir - straight line, f/p - black bear
Aim: a black bear (lightly wounded, poisoned)
You shoot a poisoned needle.
The poisoned needle hits the black bear!
The black bear looks even sicker.
The black bear is lightly wounded.
The orc priest shouts!
You hear a shout! x2
Firing (i - inventory. (/) - cycle)
e - 48 poisoned needles (quivered)
Press: ? - help, Shift-Dir - straight line, f/p - black bear
Aim: a black bear (lightly wounded, poisoned)
You shoot a poisoned needle.
The poisoned needle hits the black bear.
The black bear looks as sick as possible!
The black bear is lightly wounded.
Unknown command.
The orc priest invokes the aid of Beogh against you.
Pain shoots through your body!
The orc priest hits you but does no damage.
Firing (i - inventory. (/) - cycle)
e - 47 poisoned needles (quivered)
Press: ? - help, Shift-Dir - straight line, f/p - black bear
Aim: a black bear (heavily wounded, poisoned)
You shoot a poisoned needle.
The poisoned needle hits the orc priest!
The orc priest is poisoned.
The orc shouts!
The orc priest hits you with a dagger.
Unknown command.
An orc comes into view. It is wielding a long sword.
The orc hits you with a mace.
The black bear goes berserk!
The orc throws a stone.
You block the stone.
You see here a stone.
The orc warrior hits you with a hand axe.
The orc throws a stone.
You block the stone.
The orc throws a stone.
You block the stone.
You see here 2 stones.
The orc throws a stone.
You block the stone.
The orc throws a stone.
The stone barely misses you.
The orc priest mumbles some strange prayers to Beogh against you.
Beogh smites you!
There is a stone staircase leading up here.
You see here a stone.
You block the black bear's attack. The black bear claws you.
The black bear claws you!
* * * LOW HITPOINT WARNING * * *
The orc warrior hits you with a hand axe!!
* * * LOW HITPOINT WARNING * * *
You climb upwards.
There is a stone staircase leading down, spattered with blood here.
Really quaff
t - a potion of invisibility {!q}?
You fade into invisibility!
The black bear bites you!
You die...

#############.#
#.............#
#.############# #.#
#.# #.# #.####
############
#....####..........#
...............h@o.#
####.####......o...#
.....## #.[........#
#.##..#########..###
#.............#..#
...##..######.#..#
...###.# #.#..# ...#
#.# #....#
...###.########'####


You could see an orc warrior, a black bear (berserk) and an orc.

Vanquished Creatures
  The ghost of Nattefrost the Magician, an amateur GnWz (D:4)
  An orc warrior (D:6)
  A sky beast (D:6)
  2 ogres (D:6)
  2 phantoms (D:5)
  A centaur (D:5)
  2 bullfrogs (D:6)
  2 howler monkeys (D:4)
  A crimson imp (D:6)
  A bullfrog zombie (D:6)
  Crazy Yiuf (D:3)
  A bullfrog skeleton (D:4)
  A centaur zombie (D:6)
  2 hounds (D:5)
  A centaur skeleton (D:4)
  An iguana (D:5)
  An orc wizard (D:3)
  Robin (D:3)
  A worker ant zombie (D:6)
  10 adders
  2 adder skeletons
  3 worms
  2 dart slugs
  4 leopard geckos
  7 orcs
  7 bats
  5 giant cockroaches
  13 goblins
  7 hobgoblins
  2 jackals (D:2)
  A quokka (D:5)
  3 ball pythons
  7 frilled lizards
  A giant cockroach zombie (D:5)
  8 kobolds
  A leopard gecko skeleton (D:6)
  5 rats
112 creatures vanquished.

Notes
Turn   | Place    | Note
-------+----------+-------------------------------------------
     0 | D:1      | Amnesiac the Halfling Assassin began the quest for the Orb.
     0 | D:1      | Reached XP level 1. HP: 14/14 MP: 1/1
   119 | D:1      | Reached XP level 2. HP: 9/19 MP: 2/2
   364 | D:1      | Found a burning altar of Makhleb.
   495 | D:1      | Reached XP level 3. HP: 20/24 MP: 3/3
  1082 | D:2      | Reached XP level 4. HP: 29/29 MP: 4/4
  1257 | D:2      | Reached skill level 5 in Stealth
  1260 | D:2      | Reached skill level 5 in Short Blades
  1637 | D:2      | Reached XP level 5. HP: 29/34 MP: 5/5
  1705 | D:2      | Found a runed door.
  2119 | D:2      | Noticed Crazy Yiuf
  2177 | D:3      | Killed Crazy Yiuf
  2842 | D:3      | Found a sparkling altar of Nemelex Xobeh.
  2965 | D:3      | Noticed Robin
  3010 | D:3      | Reached XP level 6. HP: 36/39 MP: 6/6
  3273 | D:3      | Killed Robin
  3273 | D:3      | Reached skill level 3 in Throwing
  3433 | D:3      | Learned a level 2 spell: Blink
  3658 | D:4      | Noticed Nattefrost's ghost (amateur GnWz)
  3659 | D:4      | Reached skill level 4 in Throwing
  3873 | D:4      | Found a snail-covered altar of Cheibriados.
  4090 | D:4      | Reached XP level 7. HP: 44/44 MP: 7/7
  4274 | D:5      | Entered Level 5 of the Dungeon
  4277 | D:5      | Reached skill level 5 in Throwing
  4295 | D:5      | Found a staircase to the Ecumenical Temple.
  4427 | Temple   | Entered the Ecumenical Temple
  4436 | Temple   | Became a worshipper of Warmaster Okawaru
  4508 | D:5      | Found a hide-covered altar of Uskayaw.
  4753 | D:5      | Found an ancient bone altar of Kikubaaqudgha.
  4802 | D:5      | Got a fine short sword
  4828 | D:5      | Identified the cursed +1 short sword of Vomaril {speed, +Inv rElec MR-} (You found it on level 5 of the Dungeon)
  4867 | D:5      | Reached skill level 6 in Throwing
  5576 | D:4      | Killed Nattefrost's ghost
  5576 | D:4      | Reached skill level 7 in Throwing
  5576 | D:4      | Reached XP level 8. HP: 27/49 MP: 8/8
  5770 | D:6      | Reached * piety under Okawaru
  5855 | D:6      | Reached skill level 8 in Throwing
  6386 | D:5      | Reached ** piety under Okawaru
  6525 | D:6      | Reached XP level 9. HP: 39/54 MP: 9/9
  6632 | D:5      | Slain by a black bear

Vault maps used:
D:1:      lightli_iron_boxes, kennysheep_flooded_box
D:2:      minmay_diamond_boxcup, uniq_crazy_yiuf_cottage
D:3:      nicolae_overflow_hidden_temple, uniq_robin
D:4:      cheibriados_altar_1
D:5:      grunt_temple_overflow_open, minmay_temple_entry_trees, first_ration
D:6:      minmay_opposing_rooms, yredelemnul_altar_generic
Temple:   minmay_temple_curvy_branch

Skill      XL: |  1  2  3  4  5  6  7  8 |
---------------+-------------------------+-----
Short Blades   | 3 4 5 6 |  6.8
Stealth        | 5 6 |  6.7
Throwing       | 4 7 8 |  8.2
Fighting       | |  1.7
Dodging        | |  1.1

Action                   |  1- 3 |  4- 6 |  7- 9 || total
-------------------------+-------+-------+-------++-------
Melee: Dagger            |    79 |   268 |   126 ||   473
       Short sword       |       |       |    14 ||    14
 Fire: Blowgun           |       |    17 |    11 ||    28
       Hunting sling     |       |       |   153 ||   153
  Use: Scroll            |       |       |    12 ||    12
       Potion            |       |       |     5 ||     5
 Stab: Sleeping          |    12 |     6 |     5 ||    23
       Invisible         |       |       |     5 ||     5
  Eat: Chunk             |       |    10 |     6 ||    16
Armor: Robe              |    14 |    25 |       ||    39
       Animal skin       |       |    22 |    61 ||    83
Dodge: Dodged            |    44 |   120 |   105 ||   269
Block: Shield            |       |       |    19 ||    19

Table legend:
 A = Spawn XP
 B = Non-spawn XP
 C = Spawn XP percentage of total XP
 D = Spawn monster count
 E = Non-spawn monster count
 F = Spawn count percentage of total count
 G = Total turns spent on level
                    A         B        C        D         E        F      G
               +---------+---------+-------+---------+---------+-------+---------
         Total |       0 |    2067 |   0.0 |       0 |     112 |   0.0 |  6632
               +---------+---------+-------+---------+---------+-------+---------
           D:1 |       0 |      37 |   0.0 |       0 |      21 |   0.0 |   897
           D:2 |       0 |     114 |   0.0 |       0 |      28 |   0.0 |  1257
           D:3 |       0 |     137 |   0.0 |       0 |      23 |   0.0 |  1380
           D:4 |       0 |     420 |   0.0 |       0 |      13 |   0.0 |  1036
           D:5 |       0 |     514 |   0.0 |       0 |      14 |   0.0 |  1231
           D:6 |       0 |     845 |   0.0 |       0 |      13 |   0.0 |   813
               +---------+---------+-------+---------+---------+-------+---------
